 Dungeon Crawl Stone Soup version 0.32-a0-132-g2d33c3cfaf (webtiles) character file.

Game seed: 11821372119030359087

135 IdlyInterested the Shield-Bearer (level 4, -3/35 HPs)
             Began as a Demonspawn Fighter on Feb 9, 2024.
             Killed by divine providence
             ... invoked by an orc priest
              (13 damage)
             ... on level 3 of the Dungeon.
             The game lasted 00:05:57 (1891 turns).

IdlyInterested the Shield-Bearer (DsFi)             Turns: 1891, Time: 00:05:58

Health: -3/35      AC: 13    Str: 16    XL:     4   Next: 96%
Magic:  4/4        EV:  4    Int:  8    God:
Gold:   30         SH:  5    Dex: 15    Spells: 3/3 levels left

rFire   . . .        a - +0 rapier
rCold   . . .        c - +0 buckler
rNeg    . . .        m - +0 plate armour
rPois   .            (helmet restricted)
rElec   .            (no cloak)
rCorr   .            (no gloves)
SInv    .            (no boots)
Will    .....        (no amulet) Stlth
                     (no ring)
HPRegen 0.25/turn    (no ring)
MPRegen 0.09/turn

%: no passive effects
@: no status effects
A: antennae 1, molten scales 1
a: no special abilities


You were on level 3 of the Dungeon.
You visited 1 branch of the dungeon, and saw 3 of its levels.

You collected 170 gold pieces.
You spent 140 gold pieces at shops.

Inventory:

Hand Weapons
 a - a +0 rapier (weapon)
Missiles
 b - 4 poisoned darts
 e - 32 stones (quivered)
Armour
 c - a +0 buckler (worn)
 m - a +0 plate armour (worn)
Wands
 r - a wand of iceblast (14)
Scrolls
 f - 2 scrolls of fear
 g - a scroll of blinking
 i - a scroll of identify {unknown}
 l - a scroll of revelation {unknown}
 o - a scroll of torment {unknown}
 p - a scroll of teleportation {unknown}
 s - a scroll of poison {unknown}
Potions
 d - a potion of might
 h - a potion of degeneration {unknown}
 j - a potion of curing {unknown}
 k - a potion of cancellation {unknown}
 n - a potion of haste {unknown}
 q - 2 potions of enlightenment


   Skills:
 - Level 3.0 Fighting
 + Level 2.9 Short Blades
 - Level 1.0 Throwing
 - Level 2.6 Armour
 - Level 1.0 Dodging
 - Level 1.0 Stealth
 * Level 3.8 Shields
 * Level 0.7 Evocations


You had 3 spell levels left.
You didn't know any spells.
Your spell library contained the following spells:

 Spells                   Type           Power      Damage    Failure   Level
 Magic Dart               Conj           0%         1d3       100%        1
 Searing Ray              Conj           0%         2d4       100%        2
 Fulminant Prism          Conj/Alch      0%         3d5       100%        4


Dungeon Overview and Level Annotations

Branches:
Dungeon (3/15)

Altars:

Shops:
D:2 !


Innate Abilities, Weirdness & Mutations

You have a pair of small antennae on your head.
You are partially covered in molten scales. (AC +2)


Message History

The orc shouts!
An orc wizard comes into view. It is wielding a +0 dagger.
You hit the orc priest but do no damage.
The orc priest hits you but does no damage.
You barely miss the orc priest.
The orc priest hits you with a +0 hand axe.
You hit the orc priest.
The orc priest is lightly wounded.
The orc priest hits you but does no damage.
You hit the orc priest.
The orc priest is moderately wounded.
The orc priest hits you but does no damage.
You hit the orc priest but do no damage.
The orc priest is moderately wounded.
The orc hits you but does no damage.
The orc priest hits you with a +0 hand axe.
You closely miss the orc priest.
The orc priest is moderately wounded.
The orc priest calls down the wrath of Beogh upon you.
Pain shoots through your body!
* * * LOW HITPOINT WARNING * * *
Unknown command.
You hit the orc priest but do no damage.
The orc priest is moderately wounded.
The orc hits you but does no damage. x2
The orc priest hits you but does no damage.
You hit the orc priest.
The orc priest is heavily wounded.
The orc barely misses you. x2; The orc priest barely misses you.
The orc priest hits you but does no damage.
The orc hits you but does no damage. You block the orc's attack.
You hit the orc priest.
The orc priest is severely wounded.
You block the orc's attack. The orc barely misses you.
The orc wizard mumbles some strange words.
The orc wizard flickers and vanishes!
Deactivating autopickup; reactivate with Ctrl-A.
The orc priest calls down the wrath of Beogh upon you.
Beogh smites you!
You die...

#####.#######.#
##.<)........#.#######
.#.##.............<.......
.......###.###...>........
...............###.#######
...##...............#
.......>..######.#.#
.........oo# #...#
...##..#.#@# ## .# ..
......#o# .# . ###..#..{o
#..#.#..# #. #..... . .
#..## #. #..# # #...


You could see an orc priest and 3 orcs.

Vanquished Creatures
  Natasha (thrice) (D:2)
  2 adders (D:2)
  2 dart slugs (D:2)
  A ribbon worm (D:2)
  4 ball pythons
  3 endoplasms
  A giant cockroach (D:1)
  3 goblins (D:1)
  3 hobgoblins (D:2)
  5 bats
  5 frilled lizards
  6 kobolds
  4 rats
42 creatures vanquished.

Notes
Turn   | Place    | Note
-------+----------+-------------------------------------------
     0 | D:1      | IdlyInterested the Demonspawn Fighter began the quest for
                  | the Orb.
     0 | D:1      | Reached XP level 1. HP: 18/18 MP: 1/1
   218 | D:1      | Found a faded altar of an unknown god.
   291 | D:1      | Gained mutation: You have a pair of small antennae on your
                  | head. [demonic ancestry]
   291 | D:1      | Reached XP level 2. HP: 21/24 MP: 2/2
   446 | D:1      | Reached skill level 1 in Stealth
   767 | D:2      | Noticed Natasha
   794 | D:2      | Killed Natasha
   795 | D:2      | Reached skill level 1 in Dodging
   795 | D:2      | Reached XP level 3. HP: 10/29 MP: 3/3
   884 | D:2      | Found Biluby's Distillery.
  1033 | D:2      | Gained mutation: You are partially covered in molten
                  | scales. (AC +2) [demonic ancestry]
  1033 | D:2      | Reached XP level 4. HP: 35/35 MP: 4/4
  1377 | D:2      | Noticed Natasha
  1392 | D:2      | Killed Natasha
  1393 | D:2      | Reached skill level 1 in Throwing
  1568 | D:2      | Noticed Natasha
  1575 | D:2      | Killed Natasha
  1821 | D:2      | Bought 2 potions of enlightenment for 140 gold pieces
  1891 | D:3      | Killed from afar by an orc priest

Illustrated notes

Levels and vault maps discovered:
D:1:      shiori_arrival_oz, layout_basic,
          hellmonk_ecumenical_altar_pennies_from_heaven
D:2:      layout_loops_cross, serial_shops, shop,
          minmay_randomly_rotated_circles, uniq_natasha
D:3:      layout_loops_ring, nicolae_uskayaw_dance_hall

Skill      XL: |  1  2  3  4 |
---------------+-------------+-----
Short Blades   | 2 |  2.9
Stealth        | 1 |  1.0
Dodging        | 1 |  1.0
Shields        | 3 |  3.8
Throwing       | 1 |  1.0
Fighting       | |  3.0
Armour         | |  2.6
Evocations     | |  0.7

Action                     |  1- 3 |  4- 6 || total
---------------------------+-------+-------++-------
  Melee: Rapier            |   102 |    66 ||   168
    Use: Scroll            |     2 |       ||     2
         Potion            |     2 |       ||     2
 Armour: Chain mail        |    86 |    11 ||    97
         Scale mail        |     1 |       ||     1
         Plate armour      |       |    52 ||    52
  Dodge: Dodged            |    32 |    13 ||    45
  Block: Buckler           |    23 |     9 ||    32

Table legend: (Time is in decaauts)
 A = Elapsed time spent in this place.
 B = Non-inter-level travel time spent in this place.
 C = Inter-level travel time spent in this place.
 D = Time resting spent in this place.
 E = Time spent auto-exploring this place.
 F = Levels seen in this place.
 G = Mean time per level.
                   A        B        C        D        E       F      G
               +--------+--------+--------+--------+--------+-----+--------+
         Total |   1934 |   1804 |    130 |    251 |   1038 |   3 |  644.7 |
       Dungeon |   1934 |   1804 |    130 |    251 |   1038 |   3 |  644.7 |
               +--------+--------+--------+--------+--------+-----+--------+

Top non-repeatable levels by time:
     D:2: 1117 daAuts
     D:1: 776 daAuts
     D:3: 40 daAuts
